 Dungeon Crawl Stone Soup version 0.29.1-13-g9f3cf754e1 (webtiles) character file.

Game seed: 2711988180150272083

233 swarr the Cudgeller (level 6, -1/38 HPs)
             Began as a Gargoyle Fighter on Feb 7, 2023.
             Slain by a wight
             ... wielding a +0 flail
              (6 damage)
             ... on level 4 of the Dungeon.
             The game lasted 00:04:46 (3516 turns).

swarr the Cudgeller (Gargoyle Fighter)              Turns: 3516, Time: 00:04:47

Health: -1/38      AC: 12    Str: 19    XL:     6   Next: 4%
Magic:  6/6        EV:  9    Int: 11    God:
Gold:   213        SH:  4    Dex:  9    Spells: 5/5 levels left

rFire   . . .      SeeInvis .   a - +0 flail
rCold   . . .      Faith    .   c - +0 buckler
rNeg    + . .      Spirit   .   i - +1 scale mail {Will+}
rPois   ∞          Reflect  .   (no helmet)
rElec   +          Harm     .   (no cloak)
rCorr   .          Rampage  .   (no gloves)
Will    +....                   (no boots)
Stlth   ..........              (no amulet)
HPRegen 0.12/turn               (no ring)
MPRegen 0.10/turn               (no ring)

@: no status effects
A: sickness immunity, AC +4, negative energy resistance 1, electricity
resistance, torment resistance 1, petrification resistance
a: no special abilities


You were on level 4 of the Dungeon.
You visited 1 branch of the dungeon, and saw 4 of its levels.

You collected 213 gold pieces.

Inventory:

Hand Weapons
 a - a +0 flail (weapon)
Armour
 c - a +0 buckler (worn)
 d - a +0 leather armour of fire resistance
 i - a +1 scale mail of willpower (worn)
Scrolls
 b - 3 scrolls of noise {unknown}
 e - 2 scrolls of teleportation {unknown}
 f - a scroll of fear {unknown}
 h - 4 scrolls of identify {unknown}
 j - a scroll of torment {unknown}
 k - a scroll of vulnerability {unknown}
 p - a scroll of poison {unknown}
Potions
 g - 2 potions of resistance {unknown}
 l - a potion of heal wounds {unknown}
 m - a potion of invisibility {unknown}
 n - a potion of curing {unknown}
 o - a potion of flight {unknown}


   Skills:
 + Level 4.1 Fighting
 * Level 4.9 Maces & Flails
 + Level 4.2 Armour
 + Level 0.6 Dodging
 + Level 0.5 Stealth
 - Level 3.2 Shields


You had 5 spell levels left.
You didn't know any spells.
Your spell library contained the following spells:

 Spells                   Type           Power      Damage    Failure   Level
 Call Canine Familiar     Summ           0%         N/A       99%         3
 Portal Projectile        Hex/Tloc       0%         N/A       99%         3
 Leda's Liquefaction      Hex/Erth       0%         N/A       100%        4


Dungeon Overview and Level Annotations

Branches:
Dungeon (4/15)
 Temple: D:4-7

Altars:
Gozag
Nemelex Xobeh


Innate Abilities, Weirdness & Mutations

You are immune to sickness and miasma.
Your stone body is resilient. (AC +4)
You are immune to poison.
You resist negative energy. (rN+)
You are resistant to electric shocks. (rElec)
You are resistant to unholy torment.
You are immune to petrification.


Message History

(D) Dungeon
Where to? (Enter - D:3, ? - help)
Things that are here:
a +0 club; a +0 leather armour
There is a stone staircase leading down here.
You climb downwards.
There is a stone staircase leading up here.
(D) Dungeon
Where to? (Enter - D:4, ? - help)
You climb upwards.
There is a stone staircase leading down here.
Done exploring.
(D) Dungeon
Where to? (Enter - D:3, ? - help)
You climb downwards.
There is a stone staircase leading up here.
p - a scroll labelled DOD TICODWOTOIGGAO
Found a sparkling altar of Nemelex Xobeh.
No target in view!
Found a stone staircase leading down. 4 wights come into view.
A wight is wielding a +2 long sword of freezing.
You see here 11 gold pieces.
The wight barely misses you.
You sock the wight!
The wight is heavily damaged.
You barely miss the wight.
The wight is heavily damaged.
The wight hits you with a +0 scimitar! The wight barely misses you.
You hit the wight.
The wight is almost destroyed.
The wight hits you with a +0 scimitar! The wight hits you with a +0 flail!
* * * LOW HITPOINT WARNING * * *
The wight hits you with a +0 scimitar!
* * * LOW HITPOINT WARNING * * *
The wight hits you but does no damage.
You see here 11 gold pieces.
The wight attacks as you move away! The wight hits you but does no damage.
The wight attacks as you move away! The wight hits you with a +0 flail.
You die...

#.# #.# #.# #.# #.# ###
#.# #>## #.# #..# #.#
#..## #@#
#######.$.#####z########
........#..z.z..........
#######z#####z##########
... ..... ##.####.####
#.# .. ... .⌠. ##.._..


You could see 2 wights.

Vanquished Creatures
  An ogre (D:3)
  An orc priest (D:3)
  4 adders
  A worm (D:3)
  3 dart slugs (D:1)
  9 orcs (D:3)
  4 ball pythons
  7 bats
  5 endoplasms
  A giant cockroach (D:1)
  4 goblins
  6 hobgoblins
  2 jackals (D:1)
  7 kobolds
  A quokka (D:2)
  A frilled lizard (D:1)
  7 rats
64 creatures vanquished.

Notes
Turn   | Place    | Note
-------+----------+-------------------------------------------
     0 | D:1      | swarr the Gargoyle Fighter began the quest for the Orb.
     0 | D:1      | Reached XP level 1. HP: 14/14 MP: 1/1
   503 | D:1      | Reached XP level 2. HP: 20/20 MP: 2/2
   810 | D:1      | Reached XP level 3. HP: 18/24 MP: 3/3
  1002 | D:1      | Found a faded altar of an unknown god.
  1601 | D:2      | Reached XP level 4. HP: 27/29 MP: 4/4
  2195 | D:3      | Noticed an ogre
  2204 | D:3      | Killed an ogre
  2205 | D:3      | Reached XP level 5. HP: 16/33 MP: 5/5
  2943 | D:3      | Reached XP level 6. HP: 34/38 MP: 6/6
  3190 | D:3      | Found an opulent altar of Gozag.
  3491 | D:4      | Found a sparkling altar of Nemelex Xobeh.
  3516 | D:4      | Slain by a wight

Illustrated notes

Levels and vault maps discovered:
D:1:      nagdon_arrival_double_spiral, layout_loops_corners,
          hellmonk_ecumenical_altar_pennies_from_heaven
D:2:      layout_basic, minmay_pentomino_w2
D:3:      layout_loops_corners, lemuel_tele_altar
D:4:      layout_basic, nemelex_xobeh_ov_fountains_minmay, uniq_edmund,
          uniq_ijyb, uniq_crazy_yiuf_cottage

Skill      XL: |  1  2  3  4 |
---------------+-------------+-----
Maces & Flails | 3 4 |  4.9
Fighting       | 4 |  4.1
Armour         | 4 |  4.2
Dodging        | |  0.6
Stealth        | |  0.5
Shields        | |  3.2

Action                   |  1- 3 |  4- 6 || total
-------------------------+-------+-------++-------
Melee: Flail             |   127 |    93 ||   220
  Use: Potion            |       |     1 ||     1
Armor: Scale mail        |    69 |    46 ||   115
Dodge: Dodged            |    66 |    53 ||   119
Block: Buckler           |    36 |    15 ||    51
